 Dungeon Crawl Stone Soup version 0.28-b1-25-g9875b3fc8c (webtiles) character file.

Game seed: 1868261913043062217

10925 Akaron the Martial Artist (level 11, -11/80 HPs)
             Began as an Octopode Transmuter on Jan 31, 2022.
             Was a Priest of Dithmenos.
             Mangled by a slime creature (13 damage)
             ... on level 9 of the Dungeon.
             The game lasted 00:42:57 (10190 turns).

Akaron the Martial Artist (Octopode Transmuter)    Turns: 10190, Time: 00:42:59

Health: -11/80     AC:  8    Str: 10    XL:     11   Next: 69%
Magic:  0/21       EV: 18    Int: 15    God:    Dithmenos [***...]
Gold:   576        SH:  0    Dex: 17    Spells: 10/23 levels left

rFire   . . .      SeeInvis .     - Unarmed
rCold   + + .      Faith    .   (shield currently unavailable)
rNeg    . . .      Spirit   +   (helmet currently unavailable)
rPois   +          Reflect  .   O - amulet of guardian spirit
rElec   .          Harm     .   k - ring of fire
rCorr   .          Rampage  .   C - +4 ring of evasion
Will    .....      Clarity  +   (no ring)
Stlth   ++++......              (no ring)
HPRegen 0.23/turn               (no ring)
MPRegen 0.17/turn               (no ring)
                                (no ring)
                                (no ring)

@: ice-form, wereblooded, wreathed by umbra, studying Shields
A: freezing attack, boosted hp, almost no armour, amphibious, 8 rings, large,
(camouflage 1), (gelatinous body 1), (nimble swimmer 1), (tentacles), clarity,
frail 1
a: End Transformation, Renounce Religion, Shadow Step


You were on level 9 of the Dungeon.
You worshipped Dithmenos.
Dithmenos was most pleased with you.
You were a creature of crystalline ice.
You visited 2 branches of the dungeon, and saw 10 of its levels.
You also visited: Ossuary.

You collected 576 gold pieces.

Inventory:

Hand Weapons
 g - a +3 hand axe
 x - the +11 short sword "Moume" {speed, Stlth+}
   (You found it on level 4 of the Dungeon)

   Attacks with this weapon are significantly faster.
   Stlth:     It makes you more stealthy.
 B - a +4 scimitar of freezing
 L - the +7 war axe "Aubergine" {drain, +Blink Str+5}
   (You found it on level 9 of the Dungeon)

   A truly terrible weapon, it drains the life of any living foe it strikes.
   Str:       It affects your strength (+5).
   +Blink:    It lets you blink.
Missiles
 l - 23 poisoned darts
Armour
 H - a +2 buckler (melded)
Jewellery
 k - a ring of fire (left front paw)
 s - an amulet of regeneration
 C - a +4 ring of evasion (right front paw)
 O - an amulet of guardian spirit (around neck)
Wands
 m - a wand of polymorph (2)
 z - a wand of acid (6)
 E - a wand of iceblast (12)
Scrolls
 a - 7 scrolls of teleportation
 d - 2 scrolls of vulnerability
 e - 2 scrolls of fog
 f - a scroll of blinking {unknown}
 h - 3 scrolls of immolation
 j - 3 scrolls of fear
 n - 2 scrolls of amnesia
 p - 2 scrolls of noise
 q - a scroll of brand weapon {unknown}
 r - a scroll of torment {unknown}
 u - a scroll of enchant weapon {unknown}
 y - a scroll of holy word {unknown}
 J - a scroll of magic mapping {unknown}
 K - 3 scrolls of identify
Potions
 b - a potion of attraction
 c - 2 potions of brilliance
 i - 6 potions of lignification
 o - a potion of resistance {unknown}
 t - a potion of mutation
 v - 3 potions of magic
 w - a potion of invisibility {unknown}
 A - 2 potions of curing
 D - a potion of flight {unknown}
 F - 2 potions of haste
 G - a potion of heal wounds {unknown}
 I - a potion of might {unknown}
 N - a potion of berserk rage {unknown}
Miscellaneous
 M - a tin of tremorstones (2/2)


   Skills:
 + Level 7.5 Fighting
 + Level 8.4 Dodging
 - Level 4.0 Stealth
 * Level 4.5 Shields
 + Level 9.9 Unarmed Combat
 + Level 6.6 Spellcasting
 + Level 7.3 Transmutations
 + Level 6.0 Ice Magic
 + Level 7.1 Poison Magic


You had 10 spell levels left.
You knew the following spells:

 Your Spells              Type           Power      Damage    Failure   Level
a - Beastly Appendage     Tmut           54%        N/A       1%          1
b - Wereblood             Tmut           27%        N/A       1%          2
c - Spider Form           Tmut/Pois      26%        N/A       1%          3
d - Ice Form              Ice/Tmut       25%        N/A       9%          4
e - Ozocubu's Armour      Ice            23%        N/A       3%          3

Your spell library contained the following spells:

 Spells                   Type           Power      Damage    Failure   Level
 Poisonous Vapours        Pois/Air       30%        N/A       4%          2
 Magic Dart               Conj           20%        1d4       14%         1
 Mephitic Cloud           Conj/Pois/Air  12%        N/A       16%         3
 Call Imp                 Summ           5%         N/A       21%         2
 Corpse Rot               Necr/Air       10%        N/A       21%         2
 Metabolic Englaciation   Hex/Ice        7%         N/A       73%         5
 Simulacrum               Ice/Necr       7%         N/A       99%         6


Dungeon Overview and Level Annotations

Branches:
Dungeon (9/15)             Temple (1/1) D:4            Lair (0/6) D:8
Ossuary (visited)
    Orc: D:9-12

Altars:
Ashenzari
Cheibriados
Dithmenos
Elyvilon
Fedhas
Gozag
Hepliaklqana
Kikubaaqudgha
Makhleb
Nemelex Xobeh
Okawaru
Qazlal
Ru
Sif Muna
Trog
Uskayaw
Vehumet
Wu Jian
Xom
Yredelemnul
Zin
The Shining One
Beogh
Jiyva

Annotations:
D:3 3 runed translucent doors, Tzialkovskiy's ghost, amateur GrEE
D:9 1 transporter


Innate Abilities, Weirdness & Mutations

You are a creature of crystalline ice.
You have a powerful freezing melee attack.
Your maximum health is increased.
Your armour is entirely melded.
You are incapable of wielding weapons or throwing items.
You cannot wear most types of armour.
You are amphibious.
You can wear up to eight rings at the same time.
((Your skin changes colour to match your surroundings (Stealth+).))
((Your rubbery body absorbs attacks. (AC +1, EV +1)))
((You are camouflaged when in or above water. (Stealth+)))
((You have tentacles for arms and can constrict up to eight enemies at once.))
You possess an exceptional clarity of mind.
You are frail. (-10% HP)


Message History

There is a transporter here.
Okay, then.
You enter the transporter and appear at another place.
A slime creature comes into view.
The slime creature quivers.
The slime creature jiggles.
The slime creature hits you.
Aiming: Shadow Step
Press: ? - help, Dir - move target, f - glowing orange brain
Aim: a glowing orange brain (asleep, umbra)
You step into the glowing orange brain's shadow.
The glowing orange brain turns its attention towards you.
The glowing orange brain blinks!
Aiming: Shadow Step
Press: ? - help, Dir - move target, f/p - glowing orange brain
Aim: a glowing orange brain (umbra)
You step into the glowing orange brain's shadow.
The large slime creature hits you.
You hit the glowing orange brain but do no damage.
Two slime creatures merge to form a very large slime creature.
Two slime creatures merge to form a large slime creature.
The glowing orange brain pulsates.
Something tries to feed on your intellect!
You punch the glowing orange brain! You freeze the glowing orange brain.
The glowing orange brain is moderately wounded.
The slime creature quivers.
Two slime creatures merge to form an enormous slime creature.
The large slime creature hits you!!
You pummel the glowing orange brain!! You freeze the glowing orange brain!
The glowing orange brain is severely wounded.
The slime creature quivers.
The enormous slime creature closely misses you.
You punch the glowing orange brain! You freeze the glowing orange brain.
The glowing orange brain is almost dead.
The large slime creature hits you!!!
* * * LOW HITPOINT WARNING * * *
The slime creature closely misses you.
An enormous slime creature splits.
You feel better. The large slime creature hits you!
* * * LOW HITPOINT WARNING * * *
The slime creature hits you!
You die...

.....# #...................
.....#########...<...............
.................................
...........#######...............
..........##.###.##..........####
.........##..#.#..##.........#
.........#=..J.....#...(.....#
.........###...JJ###.........#
........©##©.._GY.##©........#
.........###...JJ###.........#
.........#........©#.........#
.........##):#.#"[##.........#
..........##.###.##..........#
...........#######...........#
.............................#
.###.....#####'##............####
.#.#.....#......#................


You could see 3 large slime creatures, 2 slime creatures and a glowing orange
brain.

Vanquished Creatures
  A boulder beetle (D:8)
  2 two-headed ogres (D:9)
  Joseph (D:8)
  An unseen horror (D:6)
  A troll (D:8)
  Grinder (D:3)
  A hornet (D:9)
  2 wyverns (D:9)
  A wraith (Ossuary)
  7 steam dragons
  A water moccasin (D:8)
  2 sky beasts
  An orc warrior (D:4)
  2 black bears
  5 necrophages
  The ghost of Lapinsky1 the Shooter, an amateur MiHu of Vehumet (D:4)
  5 ogres
  A wolf (D:8)
  3 centaurs
  2 phantoms
  Blork the orc (D:6)
  A kobold brigand (D:8)
  3 bullfrogs
  An elf zombie (Ossuary)
  2 gnoll sergeants
  A scorpion (D:7)
  A water moccasin skeleton (D:5)
  3 killer bees (D:8)
  4 wights (D:9)
  2 electric eels (D:8)
  A howler monkey (D:6)
  A bullfrog zombie (D:5)
  3 centaur zombies
  9 hounds
  2 jellies (D:8)
  2 orc priests
  3 bullfrog skeletons
  A gnoll shaman (D:9)
  Ijyb (D:4)
  A scorpion zombie (D:3)
  5 iguanas
  7 orc wizards
  A killer bee zombie (D:8)
  4 hound skeletons
  A hound zombie (D:3)
  3 mummies (Ossuary)
  5 howler monkey zombies
  11 adders
  11 gnolls
  A shadow imp (D:7)
  2 white imps
  An ufetubus (D:6)
  2 adder skeletons (D:3)
  An adder zombie (D:3)
  3 worms
  3 dart slugs
  21 orcs
  11 endoplasms
  2 giant cockroaches
  6 goblins
  6 hobgoblins
  7 jackals
  A quokka (D:4)
  4 ball pythons
  A ball python skeleton (D:3)
  12 bats
  2 frilled lizards (D:1)
  A giant cockroach zombie (D:3)
  2 goblin zombies (Ossuary)
  2 hobgoblin zombies (Ossuary)
  10 kobolds
  4 kobold zombies (Ossuary)
  A quokka skeleton (D:3)
  7 rats
  A rat zombie (D:4)
246 creatures vanquished.

Vanquished Creatures (others)
  A fungus (D:7)
1 creature vanquished.

Grand Total: 247 creatures vanquished

Notes
Turn   | Place    | Note
-------+----------+-------------------------------------------
     0 | D:1      | Akaron the Octopode Transmuter began the quest for the Orb.
     0 | D:1      | Reached XP level 1. HP: 13/13 MP: 3/3
     3 | D:1      | Noticed an electric eel
     4 | D:1      | Noticed an electric eel
   274 | D:1      | Reached XP level 2. HP: 18/18 MP: 3/5
   277 | D:1      | Learned a level 2 spell: Wereblood
   662 | D:1      | Reached XP level 3. HP: 15/23 MP: 4/6
   800 | D:1      | Found a faded altar of an unknown god.
  2078 | D:2      | Reached skill level 1 in Stealth
  2121 | D:2      | Reached XP level 4. HP: 20/28 MP: 5/7
  2125 | D:2      | Learned a level 3 spell: Spider Form
  2794 | D:3      | Reached skill level 4 in Unarmed Combat
  2882 | D:3      | Reached XP level 5. HP: 12/33 MP: 7/9
  3458 | D:3      | Noticed Grinder
  3718 | D:3      | Reached XP level 6. HP: 28/38 MP: 7/10
  3869 | D:3      | Killed Grinder
  3870 | D:3      | Reached skill level 1 in Poison Magic
  4150 | D:3      | Reached XP level 7. HP: 43/43 MP: 12/12
  4160 | D:3      | Found a runed translucent gate.
  4161 | D:3      | Found a runed translucent gate.
  4161 | D:3      | Identified the +2 hunting sling "Iratiulu" {freeze, Int+2}
  4161 | D:3      | Identified the +0 scale mail "Biehaowko" {rC+}
  4162 | D:3      | Found a runed translucent gate.
  4164 | D:3      | Noticed Tzialkovskiy's ghost (amateur GrEE)
  4243 | D:4      | Found a runed translucent gate.
  4243 | D:4      | Found a runed translucent gate.
  4244 | D:4      | Found a runed translucent gate.
  4244 | D:4      | Found an opulent altar of Gozag.
  4248 | D:4      | Noticed Lapinsky1's ghost (amateur MiHu)
  4336 | D:4      | Reached skill level 5 in Unarmed Combat
  4557 | D:4      | Noticed Ijyb
  4569 | D:4      | Killed Ijyb
  4689 | D:4      | Found a staircase to the Ecumenical Temple.
  4696 | D:4      | Found a sand-covered staircase.
  4704 | Ossuary  | Entered an ossuary
  4704 | Ossuary  | Noticed a wraith
  4704 | Ossuary  | Noticed a wraith
  4704 | Ossuary  | Noticed a wraith
  5194 | Ossuary  | Noticed a wraith
  5206 | Ossuary  | Killed a wraith
  5709 | Ossuary  | Gained mutation: You possess an exceptional clarity of
                  | mind. [potion of mutation]
  5709 | Ossuary  | Gained mutation: You are frail. (-10% HP) [potion of
                  | mutation]
  5719 | Ossuary  | Reached skill level 5 in Fighting
  5719 | Ossuary  | Reached skill level 5 in Ice Magic
  5719 | Ossuary  | Reached XP level 8. HP: 50/50 MP: 13/13
  5725 | Ossuary  | Learned a level 4 spell: Ice Form
  5725 | Ossuary  | Reached skill level 7 in Unarmed Combat
  5725 | Ossuary  | Reached skill level 5 in Spellcasting
  5725 | Ossuary  | Reached XP level 9. HP: 57/57 MP: 13/17
  5886 | D:4      | Identified the +11 short sword "Moume" {speed, Stlth+}
  6143 | Temple   | Entered the Ecumenical Temple
  6330 | Temple   | Became a worshipper of Dithmenos the Shadowed
  6402 | D:4      | Reached XP level 10. HP: 31/63 MP: 15/18
  6901 | D:4      | Killed Lapinsky1's ghost
  6937 | D:5      | Entered Level 5 of the Dungeon
  7023 | D:5      | Reached * piety under Dithmenos
  7134 | D:5      | Found a shimmering altar of Xom.
  7166 | D:5      | Found a glowing golden altar of the Shining One.
  7218 | D:5      | Reached skill level 8 in Unarmed Combat
  7318 | D:5      | Found a radiant altar of Vehumet.
  7613 | D:6      | Killed an unseen horror
  7822 | D:6      | Found a sparkling altar of Nemelex Xobeh.
  7910 | D:6      | Noticed Blork the orc
  7917 | D:6      | Killed Blork the orc
  7921 | D:6      | Reached ** piety under Dithmenos
  8170 | D:7      | Identified the +0 leather armour of the Equinox {Harm rN+
                  | Str+3}
  8183 | D:7      | Learned a level 3 spell: Ozocubu's Armour
  8648 | D:7      | Reached XP level 11. HP: 67/67 MP: 16/20
  8775 | D:8      | Reached skill level 9 in Unarmed Combat
  8781 | D:8      | Reached skill level 1 in Shields
  8806 | D:8      | Found a staircase to the Lair.
  8889 | D:8      | Reached *** piety under Dithmenos
  8892 | D:8      | Noticed Joseph
  8909 | D:8      | Killed Joseph
  9060 | D:8      | Noticed a boulder beetle
  9107 | D:8      | Killed a boulder beetle
  9432 | D:9      | Identified the +7 war axe "Aubergine" {drain, +Blink Str+5}
  9502 | D:9      | Noticed a two-headed ogre
  9511 | D:9      | Killed a two-headed ogre
  9653 | D:9      | Found a transporter.
  9657 | D:9      | Found a transporter.
  9842 | D:9      | Noticed a two-headed ogre
  9855 | D:9      | Killed a two-headed ogre
 10000 | D:9      | Found a viscous altar of Jiyva.
 10000 | D:9      | Noticed a glowing orange brain
 10190 | D:9      | HP: 2/80 [large slime creature (15)]
 10190 | D:9      | Mangled by a slime creature

Illustrated notes

Levels and vault maps discovered:
D:1:      arrival_aquarium_b, layout_basic, chequers_ecumenical_altar_grove
D:2:      layout_basic, serial_bayou_ford_a, kennysheep_minor_cross,
          minmay_box_of_dots
D:3:      layout_basic, biasface_ghost_orc_armoury, serial_undead,
          serial_undead_c, serial_undead_a, serial_undead_f, serial_undead_d,
          serial_undead_b, serial_undead_f, serial_undead_e, serial_undead_a,
          uniq_grinder
D:4:      minmay_razor_zed, layout_loops_ring, minmay_temple_entry_statues,
          enter_ossuary_3, ebering_ghost_gozag, st_stairs_13, uniq_ijyb
D:5:      layout_gridville, general_overflow_altar, jmf_multi_god_temple,
          lightli_corner_chamber
D:6:      cheibrodos_steamvent, layout_basic, mainiacjoe_overflow_alcove_1,
          uniq_blork_the_orc
D:7:      kennysheep_steamy, layout_basic, hangedman_decor_peaks_small,
          minmay_manual_mares
D:8:      layout_rooms, erik_lair_island, uniq_joseph
D:9:      gammafunk_jiyva_shrine, layout_irregular_city
Temple:   eino_narrow_crystal_temple

Skill      XL: |  1  2  3  4  5  6  7  8  9 10 11 |
---------------+----------------------------------+-----
Stealth        | 1 2 3 4 |  4.0
Unarmed Combat | 4 5 7 8 9 |  9.9
Spellcasting   | 3 5 6 |  6.6
Transmutations | 3 6 7 |  7.3
Poison Magic   | 1 7 |  7.1
Dodging        | 6 7 8 |  8.4
Fighting       | 5 7 |  7.5
Ice Magic      | 5 6 |  6.0
Shields        | 4 |  4.5

Action                   |  1- 3 |  4- 6 |  7- 9 | 10-12 || total
-------------------------+-------+-------+-------+-------++-------
Melee: Unarmed           |    73 |   100 |   112 |   376 ||   661
       Kick              |    28 |    36 |    22 |       ||    86
       Constrict         |    19 |    23 |    17 |     4 ||    63
       Tentacles         |    13 |    24 |    26 |     3 ||    66
       Punch             |     2 |       |     2 |     1 ||     5
 Cast: Beastly Appendage |    30 |    23 |    13 |       ||    66
       Wereblood         |       |     1 |     2 |     7 ||    10
       Ice Form          |       |       |     5 |    36 ||    41
       Spider Form       |       |       |     1 |       ||     1
       Ozocubu's Armour  |       |       |       |     6 ||     6
Invok: Shadow Step       |       |       |       |     2 ||     2
  Use: Potion            |       |       |     5 |     1 ||     6
       Scroll            |       |       |     5 |     8 ||    13
 Stab: Sleeping          |    10 |     9 |     5 |     6 ||    30
       Distracted        |       |       |       |     1 ||     1
Armor: Skin              |     3 |     6 |    11 |    86 ||   106
Dodge: Dodged            |    35 |    62 |    56 |   345 ||   498
Block: Buckler           |       |       |       |     4 ||     4
